 Dungeon Crawl Stone Soup version 0.32-a0-411-g744942f433 (webtiles) character file.

Game seed: 11444368660181106502

1827 pokeman the Thaumaturge (level 8, -8/45 HPs)
             Began as a Deep Elf Hedge Wizard on Feb 20, 2024.
             Was a Follower of Vehumet.
             Mangled by a vampire (11 damage)
             ... on level 7 of the Dungeon.
             The game lasted 00:14:22 (6951 turns).

pokeman the Thaumaturge (Deep Elf Hedge Wizard)     Turns: 6951, Time: 00:14:22

Health: -8/45      AC:  5    Str:  7    XL:     8   Next: 86%
Magic:  3/24       EV: 13    Int: 22    God:    Vehumet [*.....]
Gold:   515        SH:  0    Dex: 14    Spells: 20/28 levels left

rFire   + . .        C - +0 dagger (venom)
rCold   + . .        (no shield)
rNeg    . . .        b - +0 robe
rPois   .            E - +2 hat
rElec   .            (no cloak)
rCorr   .            f - +0 pair of gloves
SInv    .            (no boots)
Will    .....        (no amulet)
Stlth   ++           G - ring of protection from cold
HPRegen 0.27/turn    m - ring of protection from fire
MPRegen 0.19/turn

%: no passive effects
@: lethally poisoned (-8 -> -16)
A: no striking features
a: Renounce Religion


You were on level 7 of the Dungeon.
You worshipped Vehumet.
Vehumet was aware of your devotion.
You visited 2 branches of the dungeon, and saw 8 of its levels.
You also visited: Sewer.

You collected 515 gold pieces.

Inventory:

Hand Weapons
 y - a +2 flail of holy wrath
 C - a +0 dagger of venom (weapon)
Armour
 b - a +0 robe (worn)
 f - a +0 pair of gloves (worn)
 E - a +2 hat (worn)
Jewellery
 h - a +6 ring of strength
 k - an amulet of faith
 m - a ring of protection from fire (right hand)
 G - a ring of protection from cold (left hand)
Wands
 D - a wand of roots (9)
 F - a wand of flame (19)
Scrolls
 e - a scroll of noise {unknown}
 j - 3 scrolls of fear {unknown}
 l - a scroll of identify {unknown}
 n - 3 scrolls of blinking {unknown}
 q - 2 scrolls of brand weapon {unknown}
 s - a scroll of immolation {unknown}
 t - a scroll of vulnerability {unknown}
 v - 2 scrolls of teleportation {unknown}
 x - a scroll of revelation {unknown}
 z - a scroll of enchant weapon {unknown}
Potions
 a - a potion of lignification {unknown}
 c - a potion of cancellation {unknown}
 d - 2 potions of magic
 g - a potion of attraction {unknown}
 i - 5 potions of heal wounds {unknown}
 o - 2 potions of might {unknown}
 p - 3 potions of mutation {unknown}
 r - a potion of enlightenment {unknown}
 u - 4 potions of curing {unknown}
 w - 3 potions of brilliance {unknown}
 A - a potion of degeneration {unknown}
 B - a potion of invisibility {unknown}
 H - a potion of ambrosia {unknown}


   Skills:
 + Level 2.4 Fighting
 - Level 3.0 Armour
 - Level 3.0 Dodging
 - Level 3.0 Stealth
 + Level 3.0 Shields
 * Level 10.5 Spellcasting
 + Level 5.5 Conjurations
 - Level 1.1 Summonings
 - Level 1.1 Translocations
 - Level 1.0 Air Magic
 - Level 1.0 Alchemy
 - Level 1.2 Evocations


You had 20 spell levels left.
You knew the following spells:

 Your Spells              Type           Power      Damage    Failure   Level
a - Magic Dart            Conj           100%       1d8       1%          1
b - Mephitic Cloud        Conj/Alch/Air  22%        N/A       6%          3
c - Call Imp              Summ           32%        N/A       5%          2
d - Blink                 Tloc           32%        N/A       5%          2

Your spell library contained the following spells:

 Spells                   Type           Power      Damage    Failure   Level
 Kiss of Death            Conj/Necr      92%        2d12      1%          1
 Slow                     Hex            44%        N/A       6%          1
 Cigotuvi's Dreadful Rot  Necr/Alch/Air  28%        N/A       7%          2
 Jinxbite                 Hex            22%        N/A       9%          2
 Sublimation of Blood     Necr           11%        N/A       9%          2
 Fugue of the Fallen      Necr           11%        N/A       17%         3
 Ozocubu's Armour         Ice            11%        N/A       17%         3
 Manifold Assault         Tloc           16%        N/A       34%         4
 Yara's Violent Unravell  Hex/Alch       6%         3d5       78%         5
 Enfeeble                 Hex            5%         N/A       100%        7
 Summon Hydra             Summ           8%         N/A       100%        7


Dungeon Overview and Level Annotations

Branches:
Dungeon (7/15)             Temple (1/1) D:4           Sewer (visited)

Altars:
Ashenzari
Cheibriados
Elyvilon
Fedhas
Gozag
Kikubaaqudgha
Nemelex Xobeh
Okawaru
Ru
Sif Muna
Trog
Uskayaw
Vehumet
Wu Jian
Xom
Yredelemnul
Zin

Shops:
D:1 (   D:6 (


Message History

The killer bee is engulfed in noxious fumes.
The killer bee barely misses the killer bee.
The killer bee stings you!
You are poisoned.
The killer bee poisons you!
The killer bee is engulfed in noxious fumes.
The killer bee appears confused.
The killer bee misses the killer bee.
The killer bee stings you.
You are more poisoned.
The killer bee poisons you!
Unknown command.
You closely miss the killer bee.
The killer bee is heavily wounded.
* * * LOW HITPOINT WARNING * * *
You feel very sick.
You kill the killer bee!
Vehumet accepts your kill.
The killer bee is engulfed in noxious fumes.
The killer bee barely misses the killer bee.
The killer bee is engulfed in noxious fumes.
A bullfrog comes into view.
Unknown command.
Unknown command.
Unknown command.
Unknown command.
You hit the killer bee.
The killer bee is poisoned.
The killer bee is moderately wounded.
* * * LOW HITPOINT WARNING * * *
You feel very sick.
The killer bee is engulfed in noxious fumes.
The killer bee appears confused.
The killer bee stings you.
* * * LOW HITPOINT WARNING * * *
The killer bee stings you but does no damage.
The killer bee is engulfed in noxious fumes.
The killer bee stings the killer bee.
The killer bee stings itself.
The killer bee closely misses you. The killer bee barely misses you.
Something hits you.
* * * LOW HITPOINT WARNING * * *
Something bites you!
You die...

...#.. #.... #... ## ##..
..# ##..# ... .######...##
#...### .#
......○§.y.##.##.#. ...
.......§y@y#.###..##..#..
...###☼.#...#.##..#.#.....
#.<###c..##...##.....
#...###..F.......... ##..#
##..........#
#..####>...#:....#%.
#..#.......#........
##...........Y...c..
#..y####....#.....


You could see a bullfrog, a centaur (confused) and 3 killer bees.

Vanquished Creatures
  Eustachio (D:4)
  2 black bears
  An orc warrior (D:6)
  2 ice beasts
  A phantom (D:6)
  3 bullfrogs
  2 scorpions
  A killer bee (D:7)
  A howler monkey (D:7)
  A jelly (D:5)
  3 hounds
  2 orc priests
  A bombardier beetle (D:4)
  2 iguanas
  4 orc wizards
  15 adders
  4 river rats (Sewer)
  3 shadow imps
  2 ufetubi (D:5)
  A dart slug (D:3)
  16 orcs
  3 bats
  3 endoplasms (D:2)
  2 giant cockroaches
  5 goblins
  2 hobgoblins
  3 jackals (D:3)
  4 kobolds
  4 quokkas
  17 ball pythons
  3 frilled lizards
  16 rats
130 creatures vanquished.

Vanquished Creatures (collateral kills)
  A river rat (Sewer)
  2 ribbon worms (D:3)
  A frilled lizard (D:3)
4 creatures vanquished.

Grand Total: 134 creatures vanquished

Notes
Turn   | Place    | Note
-------+----------+-------------------------------------------
     0 | D:1      | pokeman the Deep Elf Hedge Wizard began the quest for the
                  | Orb.
     0 | D:1      | Reached XP level 1. HP: 10/10 MP: 7/7
   290 | D:1      | Found Tizac's Antique Weapon Shop.
   297 | D:1      | Reached XP level 2. HP: 16/16 MP: 7/9
   823 | D:2      | Reached skill level 5 in Spellcasting
   910 | D:2      | Reached XP level 3. HP: 20/20 MP: 8/11
   914 | D:2      | Learned a level 3 spell: Mephitic Cloud
   917 | D:2      | Learned a level 2 spell: Call Imp
   920 | D:2      | Learned a level 2 spell: Blink
  1392 | D:2      | Reached skill level 1 in Fighting
  1392 | D:2      | Reached skill level 1 in Armour
  1836 | D:3      | Reached XP level 4. HP: 21/25 MP: 6/13
  1895 | D:3      | You fall into a shaft and drop 1 floor!
  1952 | D:4      | Noticed Eustachio
  2177 | D:3      | Reached skill level 6 in Spellcasting
  2188 | D:3      | Reached XP level 5. HP: 16/29 MP: 1/15
  2190 | D:3      | Found a glowing drain.
  2195 | Sewer    | Entered a sewer
  2715 | Sewer    | Reached skill level 1 in Air Magic
  2715 | Sewer    | Reached skill level 1 in Alchemy
  3016 | Sewer    | Reached XP level 6. HP: 34/34 MP: 12/17
  3091 | Sewer    | Reached skill level 7 in Spellcasting
  3927 | D:4      | Reached XP level 7. HP: 23/40 MP: 12/20
  4112 | D:4      | Found a staircase to the Ecumenical Temple.
  4121 | Temple   | Entered the Ecumenical Temple
  4147 | Temple   | Became a worshipper of Vehumet
  4541 | D:4      | Killed Eustachio
  4542 | D:4      | Reached skill level 1 in Shields
  4542 | D:4      | Reached skill level 8 in Spellcasting
  4655 | D:4      | Found a shimmering blue altar of Sif Muna.
  4927 | D:5      | Entered Level 5 of the Dungeon
  4927 | D:5      | Found an ornate altar of the Wu Jian Council.
  5052 | D:5      | Found a snail-covered altar of Cheibriados.
  5328 | D:5      | Reached skill level 1 in Evocations
  5648 | D:5      | Reached skill level 9 in Spellcasting
  5648 | D:5      | Reached XP level 8. HP: 38/44 MP: 13/23
  6095 | D:6      | Reached * piety under Vehumet
  6095 | D:6      | Offered knowledge of Kiss of Death by Vehumet.
  6109 | D:6      | Reached skill level 5 in Conjurations
  6547 | D:6      | Found Eqablywe's Antique Weapon Shop.
  6613 | D:6      | Reached skill level 10 in Spellcasting
  6951 | D:7      | Mangled by a vampire

Illustrated notes

Levels and vault maps discovered:
D:1:      lightli_molten_gateway, layout_rooms, serial_shops, shop
D:2:      layout_loops_ring
D:3:      layout_basic, mainiacjoe_sewer_entry_somewhere_in_here_1
D:4:      layout_basic, general_overflow_altar, minmay_temple_entry_waves,
          grunt_decor_fettered, uniq_eustachio
D:5:      layout_cave_pods, chequers_temple_overflow_statue_of_worship
D:6:      layout_basic, serial_shops, nicolae_shop_gibbet_a_chance
D:7:      layout_layer_cave, serial_shops, shop, uniq_jeremiah, uniq_duvessa
Temple:   compressed_dpeg_circular_temple

Skill      XL: |  1  2  3  4  5  6  7  8 |
---------------+-------------------------+-----
Spellcasting   | 5 6 7 9 10 | 10.5
Fighting       | 1 2 |  2.4
Armour         | 1 2 3 |  3.0
Conjurations   | 2 3 4 5 |  5.5
Stealth        | 3 |  3.0
Dodging        | 3 |  3.0
Air Magic      | 1 |  1.0
Alchemy        | 1 |  1.0
Shields        | 1 3 |  3.0
Evocations     | 1 |  1.2
Summonings     | |  1.1
Translocations | |  1.1

Action                     |  1- 3 |  4- 6 |  7- 9 || total
---------------------------+-------+-------+-------++-------
  Melee: Dagger            |    15 |    57 |    66 ||   138
   Cast: Magic Dart        |    80 |   118 |    96 ||   294
         Mephitic Cloud    |       |    12 |    21 ||    33
         Call Imp          |       |     3 |     1 ||     4
   Stab: Distracted        |       |     1 |       ||     1
         Confused          |       |     1 |    10 ||    11
 Armour: Robe              |    21 |    68 |    51 ||   140
  Dodge: Dodged            |    20 |    93 |    64 ||   177

Table legend: (Time is in decaauts)
 A = Elapsed time spent in this place.
 B = Non-inter-level travel time spent in this place.
 C = Inter-level travel time spent in this place.
 D = Time resting spent in this place.
 E = Time spent auto-exploring this place.
 F = Levels seen in this place.
 G = Mean time per level.
                   A        B        C        D        E       F      G
               +--------+--------+--------+--------+--------+-----+--------+
         Total |   7012 |   6776 |    236 |    171 |   5447 |   9 |  779.1 |
       Dungeon |   5911 |   5700 |    211 |     19 |   4749 |   7 |  844.4 |
        Temple |     52 |     27 |     25 |      0 |      0 |   1 |   52.0 |
         Sewer |   1048 |   1048 |      0 |    152 |    698 |   1 | 1048.0 |
               +--------+--------+--------+--------+--------+-----+--------+

Top non-repeatable levels by time:
     D:5: 1136 daAuts
     D:4: 1126 daAuts
     D:2: 1111 daAuts
     D:3: 1062 daAuts
   Sewer: 1048 daAuts
     D:6: 829 daAuts
     D:1: 588 daAuts
     D:7: 55 daAuts
  Temple: 52 daAuts
